Map: Whirlwind LE (Void)

Players

TYTY (TY) - Winner!

  • Race: Terran Terran
  • League: Diamond
  • Spawn Location: 5:00

Maru

  • Race: Terran Terran
  • League: Diamond
  • Spawn Location: 11:00

Event: WESG 2016 Finals

VOD

Have the link to the VOD?

Description

Time

  • Played on: Jan. 15, 2017, 8:17 p.m.
  • Length: 11:55

All games in this series

Show
View Real Time Build Order
Export as new Build Order

TYTY Terran - Winner!

Build Orders: Bio Tank 

Get SALT Encoding   

  12  0:00  SCV  
  13  0:12  SCV  
  14  0:17  Supply Depot  
  14  0:24  SCV  
  15  0:39  SCV  
  15  0:40  Barracks  
  16  0:46  Refinery  
  16  0:51  SCV  
  17  1:03  Barracks  
  17  1:06  SCV  
  18  1:18  SCV  
  19  1:29  Reaper  
  19  1:30  Orbital Command  
  20  1:40  Supply Depot  
  20  1:50  Reaper  
  21  1:56  SCV  
  22  2:06  Reaper  
  23  2:12  SCV  
  24  2:19  Command Center  
  24  2:27  Reaper  
  25  2:34  SCV  
  26  2:40  Bunker  
  25  2:51  SCV  
  25  2:54  Refinery  
  26  3:18  SCV  
  26  3:19  Factory  
  26  3:30  SCV  
  26  3:31  Orbital Command, Command Center  
  27  3:42  Bunker, SCV  
  28  3:54  SCV  
  29  3:56  SCV  
  29  4:02  Cyclone  
  33  4:03  Starport  
  33  4:06  SCV  
  33  4:08  SCV  
  35  4:17  Engineering Bay  
  35  4:18  SCV  
  35  4:20  SCV  
  35  4:21  Barracks Reactor  
  37  4:24  Barracks Tech Lab, Refinery  
  37  4:31  SCV  
  37  4:32  SCV  
  37  4:34  Cyclone  
  41  4:39  Viking  
  41  4:43  SCV  
  41  4:44  Marine, Missile Turret  
  45  4:46  Orbital Command  
  45  4:48  SCV  
  46  4:55  SCV  
  46  4:57  Stimpack  
  46  4:59  Marine x2  
  48  5:00  SCV  
  48  5:01  Supply Depot  
  48  5:04  Marine  
  50  5:07  Factory Tech Lab  
  50  5:08  SCV  
  50  5:12  SCV x2  
  52  5:20  SCV  
  53  5:24  SCV  
  53  5:25  SCV  
  55  5:28  Marine x2  
  55  5:30  Siege Tank  
  55  5:31  Starport Reactor  
  55  5:32  SCV  
  61  5:36  Supply Depot  
  61  5:39  SCV  
  61  5:40  Terran Infantry Weapons Level 1  
  61  5:41  Marine  
  64  5:46  SCV  
  64  5:49  Marine x2  
  67  5:51  SCV  
  67  5:54  Refinery  
  67  5:55  Orbital Command  
  67  5:59  Engineering Bay, Marine  
  67  6:01  Missile Turret, SCV  
  67  6:02  Siege Tank  
  71  6:09  Viking  
  70  6:13  SCV x2  
  71  6:23  Marine  
  71  6:24  Marine x2  
  75  6:25  SCV x2  
  75  6:26  SCV  
  75  6:30  Terran Infantry Armor Level 1  
  77  6:38  Supply Depot x2, Missile Turret  
  77  6:40  SCV  
  77  6:56  Supply Depot  
  77  6:59  SCV, Marine x2, Viking  
  77  7:00  SCV x2  
  84  7:04  Siege Tank  
  84  7:06  Marine  
  88  7:12  SCV x2  
  88  7:15  Medivac  
  92  7:16  Combat Shields  
  92  7:17  Marine  
  93  7:22  SCV  
  93  7:24  SCV x2  
  93  7:29  Marine  
  94  7:30  Marine  
  94  7:34  SCV  
  94  7:36  SCV x2  
  98  7:43  Supply Depot  
  96  7:45  Siege Tank  
  96  7:47  SCV  
  101  7:54  SCV x2  
  101  8:04  Barracks x2  
  101  8:05  Medivac x2, SCV  
  106  8:07  Barracks  
  106  8:08  Armory  
  106  8:09  SCV x2  
  107  8:14  Refinery  
  107  8:17  SCV  
  107  8:18  Supply Depot  
  108  8:26  Marine x2  
  109  8:34  Supply Depot  
  109  8:35  Supply Depot  
  109  8:40  Medivac, Siege Tank, Marine, SCV  
  116  8:44  Marine  
  117  8:49  Supply Depot x2  
  117  8:55  Medivac, Marine, SCV  
  121  8:56  Supply Depot, Barracks Reactor  
  121  9:00  Barracks Reactor  
  121  9:04  Marine x2  
  121  9:06  Barracks Reactor  
  126  9:12  Refinery  
  126  9:16  Marine  
  124  9:17  Siege Tank  
  124  9:18  Terran Infantry Armor Level 2, Terran Infantry Weapons Level 2  
  124  9:20  Factory  
  124  9:22  Marine  
  124  9:23  Marine, Liberator x2  
  129  9:32  Barracks  
  129  9:33  Marine x2, Barracks  
  129  9:34  Marine  
  132  9:39  Marine  
  132  9:40  Marine, Command Center  
  132  9:43  Marine x3  
  143  9:49  Sensor Tower  
  143  9:51  Marine x3  
  146  9:54  Marine  
  146  9:56  Siege Tank  
  146  9:57  Marine, SCV x3  
  154  10:02  Supply Depot  
  154  10:05  Factory Tech Lab  
  154  10:06  Marine  
  155  10:07  Marine x2  
  155  10:09  Marine  
  155  10:10  Marine  
  157  10:16  Supply Depot  
  157  10:20  Marine x4  
  153  10:21  Supply Depot  
  153  10:24  Marine  
  153  10:25  Marine x2  
  153  10:27  Marine  
  157  10:28  Marine  
  157  10:29  Siege Tank x2  
  164  10:37  Medivac x2  
  164  10:38  Marine x4  
  171  10:48  Marine  
  168  10:57  Marine  
  168  10:58  Marine x5  
  168  11:01  Siege Tank  
  177  11:08  Medivac x2  
  179  11:16  Siege Tank  
  178  11:18  Marine x2  
  178  11:19  Marine  
  178  11:23  Marine x5  
  185  11:28  Marine  
  185  11:32  SCV x2  
  162  11:36  Marine x3  
Show
View Real Time Build Order
Export as new Build Order

Maru Terran 

Build Orders: Reaper Expand 

Get SALT Encoding   

  12  0:00  SCV  
  13  0:12  SCV  
  14  0:17  Supply Depot  
  14  0:24  SCV  
  15  0:29  Refinery  
  15  0:39  SCV  
  16  0:44  Barracks  
  16  0:51  SCV  
  17  1:03  SCV  
  18  1:15  SCV  
  19  1:30  Orbital Command  
  19  1:31  Reaper  
  20  1:41  Command Center  
  20  1:52  Factory  
  20  1:56  SCV  
  20  2:00  Refinery  
  21  2:07  Barracks Reactor  
  21  2:08  SCV  
  22  2:12  Supply Depot  
  22  2:20  SCV  
  23  2:32  SCV  
  23  2:37  Hellion  
  24  2:44  Marine x2, SCV  
  26  2:55  Starport  
  26  2:56  SCV  
  27  3:02  Marine  
  28  3:09  Cyclone  
  31  3:18  SCV  
  32  3:22  Command Center  
  32  3:30  SCV  
  32  3:31  Medivac  
  32  3:33  Marine  
  36  3:41  Supply Depot  
  36  3:50  SCV  
  37  4:02  SCV  
  38  4:03  Cyclone  
  38  4:04  Starport Tech Lab  
  38  4:05  Marine  
  42  4:14  SCV  
  43  4:29  Cloaking Field, Banshee  
  46  4:32  SCV  
  46  4:33  Marine x2  
  49  4:44  SCV  
  48  4:48  Factory Tech Lab  
  48  4:51  Marine x2  
  50  4:56  SCV  
  51  5:02  Orbital Command  
  51  5:08  Marine  
  51  5:09  SCV  
  51  5:12  Banshee  
  59  5:14  Siege Tank  
  56  5:25  SCV  
  48  5:29  Marine x2  
  48  5:31  SCV  
  49  5:37  SCV  
  49  5:38  Command Center  
  50  5:43  SCV  
  50  5:46  Siege Tank  
  50  5:49  SCV, Refinery  
  55  5:50  Refinery  
  55  5:55  SCV  
  55  5:56  Banshee  
  59  6:01  SCV  
  60  6:07  SCV  
  60  6:10  Engineering Bay  
  60  6:11  Engineering Bay  
  61  6:14  SCV  
  62  6:22  Marine  
  62  6:25  SCV  
  61  6:27  Supply Depot  
  61  6:33  SCV  
  61  6:36  Barracks  
  61  6:37  Barracks  
  62  6:47  Terran Infantry Armor Level 1, Terran Infantry Weapons Level 1  
  62  6:48  Siege Tank, SCV  
  62  6:52  Orbital Command  
  63  7:00  SCV x2  
  65  7:03  Starport Reactor  
  65  7:08  Barracks  
  65  7:10  Barracks  
  65  7:13  SCV  
  65  7:14  SCV  
  67  7:20  Siege Tank  
  70  7:28  SCV x2  
  72  7:32  Barracks Reactor  
  72  7:40  Supply Depot, Marine x3  
  72  7:42  Medivac x2  
  72  7:43  Stimpack  
  77  7:49  Orbital Command, SCV  
  77  7:50  SCV  
  78  7:53  Siege Tank  
  78  7:57  Supply Depot, Barracks Reactor, Barracks Tech Lab  
  81  8:01  SCV  
  81  8:02  SCV  
  83  8:07  Sensor Tower, Marine x4  
  87  8:14  SCV x2  
  87  8:16  Armory  
  89  8:22  Medivac  
  89  8:26  Marine x2, SCV x2  
  94  8:27  Marine x3  
  94  8:30  SCV  
  98  8:38  SCV x2  
  98  8:39  Supply Depot  
  98  8:40  Supply Depot  
  94  8:41  Supply Depot  
  94  8:42  Barracks Tech Lab  
  94  8:45  SCV  
  94  8:47  Barracks Tech Lab  
  91  8:51  SCV  
  91  8:53  Medivac, SCV  
  91  8:54  Supply Depot  
  95  8:56  Siege Tank  
  95  9:02  SCV  
  99  9:05  Combat Shields  
  99  9:08  SCV  
  99  9:09  SCV  
  101  9:12  Marine, Refinery  
  101  9:13  Marine x6  
  108  9:19  Terran Infantry Weapons Level 2  
  108  9:20  Marine  
  109  9:25  Viking  
  109  9:28  SCV x2  
  109  9:30  Marine x4, Refinery  
  116  9:43  Marine x3  
  119  9:46  Viking  
  119  9:47  SCV  
  122  9:54  Supply Depot  
  122  9:55  Marine, Viking  
  122  9:56  Barracks  
  122  9:59  Barracks x2  
  125  10:00  Sensor Tower  
  124  10:07  Marine  
  124  10:08  Marine x4  
  124  10:12  Supply Depot x2  
  129  10:22  Viking  
  129  10:25  Viking  
  129  10:26  Siege Tank  
  129  10:27  Marine x4  
  140  10:29  Factory  
  140  10:34  Supply Depot  
  140  10:35  Supply Depot  
  140  10:41  Marine x4  
  140  10:51  Marine  
  140  10:52  Marine  
  139  10:58  Viking x2  
  139  11:00  Marine x4  
  136  11:08  Marine  
  136  11:09  Marine  
  133  11:17  SCV  
  132  11:19  Marine  
  132  11:27  Marine x4  
  132  11:29  SCV x2  
  132  11:32  Marine  
  102  11:34  Marine  
  102  11:38  SCV  
  87  11:41  SCV  
Tags
 
Add a new tag
Caveats
  • Supply blocks, unpowered buildings, or Contaminate may cause inaccurate times.
  • Supply counts are checked every 10 seconds.